 Dungeon Crawl Stone Soup version 0.32-a0-42-ga30500b4d3 (webtiles) character file.

Game seed: 13972450587581781855

79 retardedninja the Firebug (level 4, -4/24 HPs)
             Began as a Gargoyle Fire Elementalist on Feb 1, 2024.
             Slain by a gnoll
             ... wielding a +0 halberd
              (7 damage)
             ... on level 2 of the Dungeon.
             The game lasted 00:03:08 (1836 turns).

retardedninja the Firebug (GrFE)                    Turns: 1836, Time: 00:03:09

Health: -4/24      AC:  5    Str: 12    XL:     4   Next: 38%
Magic:  5/7        EV: 12    Int: 17    God:
Gold:   104        SH:  0    Dex: 10    Spells: 7/8 levels left

rFire   . . .        l - +0 great mace
rCold   . . .        (shield currently unavailable)
rNeg    + . .        a - +0 robe
rPois   ∞            (no helmet)
rElec   +            (no cloak)
rCorr   .            (no gloves)
SInv    .            (no boots)
Will    .....        (no amulet)
Stlth   ++           (no ring)
HPRegen 0.24/turn    (no ring)
MPRegen 0.10/turn

%: no passive effects
@: no status effects
A: sickness immunity, AC +3, negative energy resistance 1, electricity
resistance, torment resistance 1, petrification resistance
a: no special abilities


You were on level 2 of the Dungeon.
You visited 1 branch of the dungeon, and saw 2 of its levels.

You collected 104 gold pieces.

Inventory:

Hand Weapons
 l - a +0 great mace (weapon)
Armour
 a - a +0 robe (worn)
Jewellery
 g - a +6 ring of dexterity
Scrolls
 c - 2 scrolls of identify {unknown}
 d - a scroll of noise {unknown}
 e - a scroll of fear {unknown}
 f - 3 scrolls of immolation {unknown}
 i - a scroll of enchant weapon {unknown}
Potions
 h - a potion of might {unknown}
 j - 3 potions of lignification {unknown}
 k - 2 potions of curing {unknown}


   Skills:
 + Level 2.1 Dodging
 + Level 3.0 Stealth
 + Level 2.5 Spellcasting
 + Level 2.1 Conjurations
 + Level 3.4 Fire Magic


You had 7 spell levels left.
You knew the following spells:

 Your Spells              Type           Power      Damage    Failure   Level
a - Foxfire               Conj/Fire      44%        2x1d6     6%          1

Your spell library contained the following spells:

 Spells                   Type           Power      Damage    Failure   Level
 Scorch                   Fire           26%        2d6       7%          2
 Inner Flame              Hex/Fire       8%         N/A       26%         3
 Volatile Blastmotes      Fire/Tloc      16%        2d11      26%         3
 Frozen Ramparts          Ice            4%         1d1       50%         3
 Flame Wave               Conj/Fire      11%        2d6       50%         4
 Leda's Liquefaction      Alch/Erth      1%         N/A       88%         4
 Petrify                  Alch/Erth      2%         N/A       88%         4
 Metabolic Englaciation   Hex/Ice        1%         N/A       99%         5


Dungeon Overview and Level Annotations

Branches:
Dungeon (2/15)

Altars:


Innate Abilities, Weirdness & Mutations

You are immune to sickness and miasma.
Your stone body is resilient. (AC +3)
You are immune to poison.
You resist negative energy. (rN+)
You are resistant to electric shocks. (rElec)
You are resistant to unholy torment.
You are immune to petrification.


Message History

The gnoll is almost dead.
The foxfire hits the gnoll.
You kill the gnoll!
You don't have enough magic to cast this spell.
Unknown command.
l - a +0 great mace (weapon)
You barely miss the endoplasm. The endoplasm freezes you.
You are frozen.
The endoplasm misses you.
The gnoll hits you from afar with a +0 halberd!
* * * LOW HITPOINT WARNING * * *
You barely miss the endoplasm. The endoplasm barely misses you.
The gnoll misses you. The endoplasm barely misses you.
Magic courses through your body.
The gnoll hits you from afar with a +0 halberd.
* * * LOW HITPOINT WARNING * * *
The endoplasm barely misses you.
Casting: Foxfire (safe; 6% risk of failure)
Press: ? - help, Q - select action Dir - look around, f - activate You conjure some foxfire!
The gnoll closely misses you. The endoplasm barely misses you.
The foxfire hits the endoplasm.
The endoplasm is almost dead.
The foxfire hits the endoplasm.
You kill the endoplasm!
The gnoll hits you from afar with a +0 halberd.
* * * LOW HITPOINT WARNING * * *
Casting: Foxfire (safe; 6% risk of failure)
Press: ? - help, Q - select action Dir - look around, f - activate You conjure some foxfire!
The gnoll misses you.
The foxfire hits the gnoll but does no damage.
The foxfire hits the gnoll.
The gnoll is heavily wounded.
The gnoll closely misses you.
Casting: Foxfire (safe; 6% risk of failure)
Press: ? - help, Q - select action Dir - look around, f - activate You conjure some foxfire!
The gnoll hits you from afar with a +0 halberd!
You die...

#.##.# #.#.....# #.#
####.##.# #...##..# #.#
.....##.########..#######.#
.....##...................#
###.############.##.#######
#.# ####### #.##.# #.#
#.....# #.##.# #.# #.#
#.###§##.# #.# #.#
#....@v..# #.#
#.###.###v#### #.# #.....#
#g# #.# ###...## #.#
##.###...#.####.#
##...##.#...#....#
........#####g####
##g..#### #)# ##g## #g#


You could see a gnoll (ally target).

Vanquished Creatures
  3 gnolls (D:2)
  2 adders (D:2)
  4 ribbon worms (D:2)
  2 ball pythons (D:1)
  2 endoplasms
  2 goblins
  4 hobgoblins (D:1)
  A kobold (D:1)
  A quokka (D:1)
  3 rats (D:1)
24 creatures vanquished.

Vanquished Creatures (others)
  136 foxfires
136 creatures vanquished.

Grand Total: 160 creatures vanquished

Notes
Turn   | Place    | Note
-------+----------+-------------------------------------------
     0 | D:1      | retardedninja the Gargoyle Fire Elementalist began the
                  | quest for the Orb.
     0 | D:1      | Reached XP level 1. HP: 10/10 MP: 3/3
   456 | D:1      | Reached XP level 2. HP: 15/15 MP: 1/5
  1184 | D:2      | Reached XP level 3. HP: 16/19 MP: 1/6
  1803 | D:2      | Reached XP level 4. HP: 20/24 MP: 2/7
  1836 | D:2      | Slain by a gnoll

Illustrated notes

Levels and vault maps discovered:
D:1:      dpeg_arrival_shelter, layout_basic
D:2:      layout_loops_ring, nicolae_elevator_lobby_plus

Skill      XL: |  1  2  3  4 |
---------------+-------------+-----
Dodging        | 2 |  2.1
Conjurations   | 2 |  2.1
Stealth        | 3 |  3.0
Spellcasting   | |  2.5
Fire Magic     | |  3.4

Action                     |  1- 3 |  4- 6 || total
---------------------------+-------+-------++-------
  Melee: Unarmed           |     5 |       ||     5
         Great mace        |       |     2 ||     2
   Cast: Foxfire           |    77 |     8 ||    85
    Use: Potion            |       |     1 ||     1
 Armour: Robe              |    17 |    11 ||    28
  Dodge: Dodged            |    27 |    12 ||    39

Table legend: (Time is in decaauts)
 A = Elapsed time spent in this place.
 B = Non-inter-level travel time spent in this place.
 C = Inter-level travel time spent in this place.
 D = Time resting spent in this place.
 E = Time spent auto-exploring this place.
 F = Levels seen in this place.
 G = Mean time per level.
                   A        B        C        D        E       F      G
               +--------+--------+--------+--------+--------+-----+--------+
         Total |   1836 |   1824 |     12 |      0 |   1493 |   2 |  918.0 |
       Dungeon |   1836 |   1824 |     12 |      0 |   1493 |   2 |  918.0 |
               +--------+--------+--------+--------+--------+-----+--------+

Top non-repeatable levels by time:
     D:1: 1143 daAuts
     D:2: 693 daAuts
